 Dungeon Sprint DCSS version 0.29-a0-321-gf1c400731a (webtiles) character file.

Game seed: 1482503565663229871

1917 mhtbhm the Eclecticist (level 8, -9/42 (44) HPs)
             Began as a Deep Elf Fire Elementalist on Apr 3, 2022.
             Was a High Priest of Vehumet.
             Mangled by a red devil
             ... wielding a +0 trident of flaming
             ... summoned by an orc sorcerer
              (21 damage)
             ... in the Dungeon (Sprint III: "The Ten Rune Challenge") on Apr 4, 2022.
             The game lasted 00:06:40 (1745 turns).

mhtbhm the Eclecticist (Deep Elf Fire Elementalist) Turns: 1745, Time: 00:06:41

HP:   -9/42 (44)    AC:  2    Str:  5    XL:     8   Next: 95%
MP:   27/30         EV: 15    Int: 23    God:    Vehumet [*****.]
Gold: 53            SH:  0    Dex: 15    Spells: 26/39 levels left

rFire   . . .      SeeInvis .   h - +0 dagger
rCold   . . .      Faith    .   (no shield)
rNeg    . . .      Spirit   .   a - +0 robe
rPois   .          Reflect  .   (no helmet)
rElec   +          Harm     .   (no cloak)
rCorr   .          Rampage  .   (no gloves)
Will    .....      NoTele   +   (no boots)
Stlth   +++.......              (no amulet)
HPRegen 0.14/turn               (no ring)
MPRegen 0.22/turn               (no ring)

@: spiked, lightly drained
A: electricity resistance
a: Renounce Religion


You were in the Dungeon.
You worshipped Vehumet.
Vehumet was extremely pleased with you.
You visited 1 branch You collected 53 gold pieces.

Inventory:

Hand Weapons
 h - a +0 dagger (weapon)
Armour
 a - a +0 robe (worn)
Scrolls
 i - 2 scrolls of holy word {unknown}
 j - a scroll of identify {unknown}
 l - a scroll of enchant weapon {unknown}
Potions
 b - 3 potions of magic
 c - a potion of curing
 d - a potion of heal wounds
 e - a potion of haste
 f - a potion of berserk rage
 g - a potion of might
 k - a potion of cancellation {unknown}
 m - 2 potions of flight
 n - 5 potions of mutation
Miscellaneous
 o - a tin of tremorstones (inert)


   Skills:
 + Level 1.9 Fighting
 + Level 6.1 Dodging
 + Level 5.2 Stealth
 + Level 16.3 Spellcasting
 + Level 7.0 Conjurations
 + Level 14.3 Fire Magic


You had 26 spell levels left.
You knew the following spells:

 Your Spells              Type           Power      Damage    Failure   Level
a - Foxfire               Conj/Fire      100%       2x1d9     1%          1
b - Scorch                Fire           100%       2d10      0%          2
c - Conjure Flame         Conj/Fire      61%        6-21      1%          3
d - Inner Flame           Hex/Fire       51%        N/A       1%          3
e - Flame Wave            Conj/Fire      61%        2d12      1%          4

Your spell library contained the following spells:

 Spells                   Type           Power      Damage    Failure   Level
 Ignite Poison            Fire/Tmut/Pois 40%        N/A       1%          3
 Static Discharge         Conj/Air       35%        N/A       1%          2
 Chain Lightning          Conj/Air       17%        3d23      100%        9
 Polar Vortex             Ice            9%         N/A       100%        9


Dungeon Overview and Level Annotations

Branches:
Dungeon (1/1)

Altars:
Cheibriados
Dithmenos
Elyvilon
Fedhas
Gozag
Hepliaklqana
Kikubaaqudgha
Makhleb
Nemelex Xobeh
Okawaru
Qazlal
Ru
Sif Muna
Trog
Uskayaw
Vehumet
Wu Jian
Xom
Yredelemnul
Zin
The Shining One
Beogh
Jiyva
Lugonu

Shops:
D :


Innate Abilities, Weirdness & Mutations

You are resistant to electric shocks. (rElec)


Message History

The flame wave engulfs the orc high priest!
The orc high priest is heavily wounded.
The orc warrior hits you with a +0 mace.
The orc high priest calls upon Beogh to heal the orc warrior.
The orc warrior is healed somewhat.
The red devil hits you from afar with a +0 trident of flaming.
Barbed spikes become lodged in your body.
The red devil burns you.
A wave of flame ripples out!
The flame wave engulfs the orc warrior!
The orc warrior is almost dead.
The flame wave engulfs the red devil.
The red devil completely resists.
The flame wave engulfs the orc high priest!
The orc high priest is almost dead.
The flame wave engulfs the orc priest.
The orc priest is almost dead.
The flame wave engulfs the chaos spawn!
The chaos spawn is moderately wounded.
The orc priest mumbles some strange prayers to Beogh against you.
Beogh smites you!
* * * LOW HITPOINT WARNING * * *
The orc warrior closely misses you. The red devil closely misses you.
Unknown command.
Unknown command.
A wave of flame ripples out!
The flame wave engulfs the orc warrior.
You kill the orc warrior!
Vehumet accepts your kill.
You feel your power returning.
The flame wave engulfs the red devil.
The red devil completely resists.
The flame wave engulfs the orc high priest!
You kill the orc high priest!
Vehumet accepts your kill.
You feel your power returning.
The flame wave engulfs the orc priest!
You kill the orc priest!
Vehumet accepts your kill.
You feel your power returning. Vehumet accepts your kill.
You feel a bit more experienced.
You finish channelling waves of flame.
The red devil hits you from afar with a +0 trident of flaming!!
Ouch! That really hurt!
You die...

▓▓▓ ▓▓ ▓ ♣.############
$##$# #
♣♣.#___#___#__##∩$#$#$#
..#.).#__)#._#.)).)... ♣
♣.###'#'###)##..))o...
♣♣♣.#....÷...v.#.).)..
♣.♣.'.÷........#4o$#
≈...#...######'#)#
....#.⌠.#__#...#@#######
....#...#__#...#..§§≈+.#
....#)###__#...#.#§§§#.#
....#.).#__#...'.#§§§#.#
....#___#__'...#.#...#.E
▓▓▓▓▓▓▓▓▓▓▓▓▓▓▓▓▓▓▓▓▓▓▓▓▓


You could see an orc sorcerer and a red devil (summoned).

Vanquished Creatures
  Erica (D)
  An orc high priest (D)
  A deep elf pyromancer (D)
  A shadow (D)
  A spatial vortex (D)
  An orc warrior (D)
  A necrophage (D)
  A water elemental (D)
  A jelly (D)
  2 orc priests (D)
  Jessica (D)
  A wizard (D)
  A necromancer (D)
  3 orc wizards (D)
  3 humans (D)
  A kobold demonologist (D)
  A wolf (D)
  10 orcs (D)
  An endoplasm (D)
  2 rats (D)
35 creatures vanquished.

Vanquished Creatures (others)
  59 foxfires (D)
  A plant (D)
60 creatures vanquished.

Grand Total: 95 creatures vanquished

Notes
Turn   | Place    | Note
-------+----------+-------------------------------------------
     0 | D        | mhtbhm the Deep Elf Fire Elementalist began the quest for
                  | the Orb.
     0 | D        | Reached XP level 1. HP: 10/10 MP: 6/6
    95 | D        | Noticed Jessica
   100 | D        | Killed Jessica
   101 | D        | Reached skill level 4 in Spellcasting
   101 | D        | Reached skill level 5 in Fire Magic
   101 | D        | Reached XP level 2. HP: 15/15 MP: 2/9
   101 | D        | Reached XP level 3. HP: 19/19 MP: 2/11
   186 | D        | Learned a level 2 spell: Scorch
   190 | D        | Learned a level 3 spell: Conjure Flame
   194 | D        | Learned a level 3 spell: Inner Flame
   207 | D        | Reached skill level 5 in Spellcasting
   523 | D        | Gained mutation: You are resistant to electric shocks.
                  | (rElec) [potion of mutation]
   540 | D        | Noticed a water elemental
   553 | D        | Killed a water elemental
   554 | D        | Reached skill level 7 in Spellcasting
   554 | D        | Reached XP level 4. HP: 24/24 MP: 9/15
   600 | D        | Found a radiant altar of Vehumet.
   600 | D        | Found a shimmering blue altar of Sif Muna.
   600 | D        | Found an ancient bone altar of Kikubaaqudgha.
   600 | D        | Noticed a wizard
   602 | D        | Killed a wizard
   603 | D        | Reached XP level 5. HP: 28/28 MP: 12/17
   648 | D        | Got the Tome of the Lethal Glacier
   673 | D        | Found a basalt altar of Yredelemnul.
   673 | D        | Found a shadowy altar of Dithmenos.
   673 | D        | Found a sacrificial altar of Ru.
   680 | D        | Learned a level 4 spell: Flame Wave
   692 | D        | Became a worshipper of Vehumet
   713 | D        | Reached skill level 8 in Spellcasting
   716 | D        | Reached skill level 9 in Spellcasting
   804 | D        | Found a hide-covered altar of Uskayaw.
   804 | D        | Found an iron altar of Okawaru.
   804 | D        | Found a bloodstained altar of Trog.
   804 | D        | Found an ornate altar of the Wu Jian Council.
   804 | D        | Noticed a human
   804 | D        | Noticed a human
   809 | D        | Killed a human
   809 | D        | Reached * piety under Vehumet
   809 | D        | Offered knowledge of Sandblast by Vehumet.
   810 | D        | Reached skill level 5 in Dodging
   810 | D        | Reached skill level 5 in Stealth
   810 | D        | Reached skill level 10 in Spellcasting
   810 | D        | Reached skill level 10 in Fire Magic
   810 | D        | Reached XP level 6. HP: 26/32 MP: 7/21
   813 | D        | Killed a human
   814 | D        | Reached skill level 11 in Spellcasting
   814 | D        | Reached skill level 5 in Conjurations
   967 | D        | Found a glowing silver altar of Zin.
   967 | D        | Found a glowing golden altar of the Shining One.
   967 | D        | Found a white marble altar of Elyvilon.
   968 | D        | Noticed a deep elf pyromancer
   972 | D        | Killed a deep elf pyromancer
   973 | D        | Reached skill level 1 in Fighting
   973 | D        | Reached skill level 13 in Spellcasting
   973 | D        | Reached XP level 7. HP: 18/38 MP: 19/26
  1141 | D        | Offered knowledge of Poisonous Vapours by Vehumet.
  1141 | D        | Reached ** piety under Vehumet
  1158 | D        | Noticed a shadow
  1161 | D        | Killed a shadow
  1162 | D        | Reached skill level 14 in Spellcasting
  1162 | D        | Reached XP level 8. HP: 14/43 MP: 23/28
  1368 | D        | Found a blossoming altar of Fedhas.
  1368 | D        | Found a stormy altar of Qazlal.
  1368 | D        | Found a snail-covered altar of Cheibriados.
  1368 | D        | Found a burning altar of Makhleb.
  1368 | D        | Found a shimmering altar of Xom.
  1369 | D        | Found a hazy altar of Hepliaklqana.
  1369 | D        | Found an opulent altar of Gozag.
  1369 | D        | Found a sparkling altar of Nemelex Xobeh.
  1369 | D        | Found a corrupted altar of Lugonu.
  1369 | D        | Found a viscous altar of Jiyva.
  1428 | D        | Noticed Erica
  1437 | D        | Killed Erica
  1438 | D        | Reached skill level 15 in Spellcasting
  1588 | D        | Offered knowledge of Frozen Ramparts by Vehumet.
  1589 | D        | Reached skill level 16 in Spellcasting
  1731 | D        | Found Nowoxun's Book Boutique.
  1733 | D        | Noticed an orc sorcerer
  1733 | D        | Noticed an orc high priest
  1734 | D        | Reached *** piety under Vehumet
  1734 | D        | Reached **** piety under Vehumet
  1736 | D        | Reached ***** piety under Vehumet
  1736 | D        | Noticed a red devil
  1741 | D        | Offered knowledge of Ignite Poison by Vehumet.
  1745 | D        | Killed an orc high priest
  1745 | D        | Mangled by a red devil

Illustrated notes

Levels and vault maps discovered:
D:        dungeon_sprint_mu [sprint_mu_entry_forest, sprint_mu_temple_rooms,
          sprint_mu_d1_horrors, sprint_mu_d2_genie, sprint_mu_d3_branching,
          sprint_mu_orc_legion, sprint_mu_elf_gauntlet, sprint_mu_hive_nellie,
          sprint_mu_lair_fedhas, sprint_mu_vaults_butterflies,
          sprint_mu_slime_circle, sprint_mu_swamp_cave, sprint_mu_snake_twists,
          sprint_mu_blade_basic, sprint_mu_crypt_fortress,
          sprint_mu_tomb_spiral, sprint_mu_vestibule_basic,
          sprint_mu_gehenna_hellfire, sprint_mu_dis_giant,
          sprint_mu_tartarus_statrot, sprint_mu_cocytus_islands, sprint_mu_zot1]

Skill      XL: |  1  2  3  4  5  6  7  8 |
---------------+-------------------------+-----
Fire Magic     | 5 8 10 12 13 14 | 14.3
Dodging        | 3 4 5 6 |  6.1
Stealth        | 3 4 5 |  5.2
Spellcasting   | 4 7 10 13 14 16 | 16.3
Conjurations   | 2 3 4 5 6 7 |  7.0
Fighting       | 1 |  1.9

Action                   |  1- 3 |  4- 6 |  7- 9 || total
-------------------------+-------+-------+-------++-------
 Cast: Foxfire           |    17 |     1 |    20 ||    38
       Scorch            |     2 |    13 |     4 ||    19
       Flame Wave        |       |     2 |     7 ||     9
Evoke: Tin of tremorston |       |       |     2 ||     2
  Use: Potion            |     1 |       |     1 ||     2
       Scroll            |       |     1 |       ||     1
Dodge: Dodged            |     1 |     4 |     8 ||    13

Table legend: (Time is in decaauts)
 A = Elapsed time spent in this place.
 B = Non-inter-level travel time spent in this place.
 C = Inter-level travel time spent in this place.
 D = Time resting spent in this place.
 E = Time spent auto-exploring this place.
 F = Levels seen in this place.
 G = Mean time per level.
                   A        B        C        D        E       F      G
               +--------+--------+--------+--------+--------+-----+--------+
         Total |   1754 |   1754 |      0 |   1360 |      0 |   1 | 1754.0 |
       Dungeon |   1754 |   1754 |      0 |   1360 |      0 |   1 | 1754.0 |
               +--------+--------+--------+--------+--------+-----+--------+

Top non-repeatable levels by time:
       D: 1754 daAuts
